 Dungeon Crawl Stone Soup version 0.26-a0-599-gc8f6553d2c (webtiles) character file.

Game seed: 6213767281601338149

689 ANON1729 the Sneak (level 7, -1/49 HPs)
             Began as an Octopode Fighter on Aug 29, 2020.
             Killed from afar by an orc wizard (5 damage)
             ... with a magic dart
             ... on level 5 of the Dungeon.
             The game lasted 00:05:21 (3168 turns).

ANON1729 the Sneak (Octopode Fighter)               Turns: 3168, Time: 00:05:21

Health: -1/49      AC:  1    Str: 17    XL:     7   Next: 63%
Magic:  7/7        EV: 13    Int: 17    God:
Gold:   192        SH:  9    Dex: 11    Spells: 6/6 levels left

rFire    x . .     SeeInvis .   q - +6 club
rCold    + . .     Faith    .   b - +0 kite shield
rNeg     . . .     Spirit   .   (helmet restricted)
rPois    .         Reflect  .   r - amulet of regeneration
rElec    .         Harm     .   E - ring of ice
rCorr    .                      n - ring of protection from magic
MR       +....                  (no ring)
Stlth    ++++......             B - +6 ring of intelligence
HPRegen  0.56/turn              (no ring)
MPRegen  0.10/turn              (no ring)
                                (no ring)
                                (no ring)

@: mighty, flying
A: almost no armour, stealthy swim, amphibious, 8 rings, constrict 8, camouflage
1, gelatinous body 1
a: no special abilities


You were on level 5 of the Dungeon.
You visited 1 branch of the dungeon, and saw 5 of its levels.

You collected 192 gold pieces.

Inventory:

Hand Weapons
 a - a +0 long sword
 q - a +6 club (weapon)
Armour
 b - a +0 kite shield (worn)
Jewellery
 n - a ring of protection from magic (right tentacle)
 r - an amulet of regeneration (around mantle)
 x - an uncursed ring of fire
 B - a +6 ring of intelligence (on tentacle)
 E - a ring of ice (left tentacle)
Wands
 d - a wand of polymorph (6)
Scrolls
 h - 2 scrolls of identify {unknown}
 j - 2 scrolls of teleportation {unknown}
 l - 2 scrolls of remove curse
 o - a scroll of fog {unknown}
 t - a scroll of immolation {unknown}
 w - a scroll of amnesia {unknown}
 y - 2 scrolls of enchant weapon {unknown}
 C - 2 scrolls of enchant armour {unknown}
Potions
 e - a potion of stabbing {unknown}
 f - a potion of lignification {unknown}
 g - 2 potions of ambrosia {unknown}
 i - 2 potions of heal wounds {unknown}
 k - a potion of degeneration {unknown}
 m - a potion of curing
 p - a potion of magic {unknown}
 u - 2 potions of flight
 v - a potion of mutation {unknown}
 z - a potion of haste {unknown}
 A - a potion of cancellation {unknown}


   Skills:
 + Level 4.7 Fighting
 + Level 4.0 Long Blades
 + Level 4.6 Dodging
 + Level 4.7 Stealth
 + Level 4.7 Shields


You had 6 spell levels left.
You didn't know any spells.
Your spell library was empty.

Dungeon Overview and Level Annotations

Branches:
Dungeon (5/15)
 Temple: D:4-7

Altars:
Gozag
Qazlal
The Shining One

Annotations:
D:3 1 runed translucent door, Rosaphim's ghost, amateur OgMo


Innate Abilities, Weirdness & Mutations

You cannot wear most types of armour.
You are very stealthy in the water. (Stealth+)
You are amphibious.
You can wear up to eight rings at the same time.
You can use your tentacles to constrict eight enemies at once.
Your skin changes colour to match your surroundings (Stealth+).
Your rubbery body absorbs attacks. (AC +1, EV +1)


Message History

The orc shouts!
You block the ice beast's attack.
The orc wizard hits you with a +0 dagger.
* * * LOW HITPOINT WARNING * * *
The orc shouts!
You hit the orc wizard. Your grab misses the orc wizard.
The orc wizard is moderately wounded.
The ice beast closely misses you.
The orc wizard hits you with a +0 dagger.
* * * LOW HITPOINT WARNING * * *
The ice beast hits you.
* * * LOW HITPOINT WARNING * * *
The ice beast freezes you. You resist.
* * * LOW HITPOINT WARNING * * *
Your shield prevents you from hitting the orc wizard.
Your grab misses the orc wizard. You squeeze the orc wizard!
The orc wizard is almost dead.
The orc wizard gestures at you while chanting.
The magic dart hits you.
You die...

...... #.##.# ##.##.#
#...#.##### #
###...#^.....
#.##.........#####
#.................
######.....Yoo....##
#.........@#o.......
....##......o#..o.....
# #...............#
#.............o##
#..............o.
#...............#
#............#..#
#..........###..#
#######ยง#...


You could see an ice beast, an orc wizard and 2 orcs.

Vanquished Creatures
  Grinder (D:3)
  An ogre (D:4)
  A hound (D:4)
  An orc priest (D:5)
  Crazy Yiuf (D:4)
  Jessica (D:2)
  Natasha (thrice) (D:3)
  2 orc wizards
  10 adders
  A white imp (D:5)
  An ooze (D:1)
  A worm (D:3)
  4 leopard geckos
  6 orcs
  5 giant cockroaches
  5 goblins
  3 hobgoblins
  2 jackals (D:1)
  4 kobolds
  A quokka (D:2)
  A ball python (D:1)
  6 bats
  3 frilled lizards
  7 rats
71 creatures vanquished.

Notes
Turn   | Place    | Note
-------+----------+-------------------------------------------
     0 | D:1      | ANON1729 the Octopode Fighter began the quest for the Orb.
     0 | D:1      | Reached XP level 1. HP: 16/16 MP: 1/1
   196 | D:1      | Reached XP level 2. HP: 17/21 MP: 2/2
   337 | D:1      | Reached XP level 3. HP: 6/26 MP: 3/3
   918 | D:2      | Reached skill level 1 in Stealth
  1275 | D:2      | Noticed Jessica
  1282 | D:2      | Killed Jessica
  1282 | D:2      | Reached XP level 4. HP: 31/31 MP: 4/4
  1394 | D:2      | Found a stormy altar of Qazlal.
  1464 | D:2      | Found an opulent altar of Gozag.
  1796 | D:3      | Reached XP level 5. HP: 16/36 MP: 5/5
  1846 | D:3      | Noticed Natasha
  1847 | D:3      | Noticed Grinder
  1852 | D:3      | Killed Natasha
  1867 | D:3      | Killed Grinder
  1867 | D:3      | Reached XP level 6. HP: 36/43 MP: 6/6
  1936 | D:3      | Found a runed translucent door.
  2043 | D:3      | Noticed Natasha
  2051 | D:3      | Killed Natasha
  2114 | D:3      | Noticed Natasha
  2127 | D:3      | Killed Natasha
  2299 | D:3      | Noticed Rosaphim's ghost (amateur OgMo)
  2339 | D:4      | Reached XP level 7. HP: 49/49 MP: 7/7
  2804 | D:4      | Found a glowing golden altar of the Shining One.
  2892 | D:4      | Found a runed translucent door.
  2893 | D:4      | Noticed Crazy Yiuf
  3031 | D:4      | Killed Crazy Yiuf
  3101 | D:5      | Entered Level 5 of the Dungeon
  3168 | D:5      | Killed from afar by an orc wizard

Illustrated notes

Levels and vault maps discovered:
D:1:      dpeg_arrival_houses_and_road, layout_loops_ring,
          minmay_close_crescents
D:2:      layout_loops_ring, nicolae_overflow_hidden_temple, lemuel_round_altar,
          uniq_jessica
D:3:      layout_basic, ebering_ghost_reflecting_pool, interstate_on_off,
          nrook_mini_backslash, uniq_grinder, uniq_natasha
D:4:      layout_rooms, kennysheep_mini_moat, uniq_crazy_yiuf_cottage
D:5:      minmay_spotlight, layout_loops_ring, cheibriados_altar_1,
          nicolae_overflow_crystal_walls, trog_wizard

Skill      XL: |  1  2  3  4  5  6  7 |
---------------+----------------------+-----
Stealth        | 1 2 3 4 |  4.7
Long Blades    | 3 4 |  4.0
Fighting       | 4 |  4.7
Dodging        | 4 |  4.6
Shields        | 4 |  4.7

Action                   |  1- 3 |  4- 6 |  7- 9 || total
-------------------------+-------+-------+-------++-------
Melee: Long sword        |    66 |     1 |       ||    67
       Constrict         |    18 |    14 |     9 ||    41
       Tentacles         |     9 |    15 |    10 ||    34
       Club              |       |    61 |    38 ||    99
  Use: Potion            |       |       |     4 ||     4
       Scroll            |       |       |     2 ||     2
 Stab: Sleeping          |     3 |     2 |     1 ||     6
Armor: Skin              |     7 |     6 |       ||    13
Dodge: Dodged            |    35 |    45 |    13 ||    93
Block: Kite shield       |    32 |    30 |    12 ||    74
       Rpst.: Long sword |     8 |       |       ||     8

Table legend: (Time is in decaauts)
 A = Elapsed time spent in this place.
 B = Non-inter-level travel time spent in this place.
 C = Inter-level travel time spent in this place.
 D = Time resting spent in this place.
 E = Time spent auto-exploring this place.
 F = Levels seen in this place.
 G = Mean time per level.
                   A        B        C        D        E       F      G
               +--------+--------+--------+--------+--------+-----+--------+
         Total |   3226 |   3056 |    170 |    587 |   1842 |   5 |  645.2 |
       Dungeon |   3226 |   3056 |    170 |    587 |   1842 |   5 |  645.2 |
               +--------+--------+--------+--------+--------+-----+--------+

Top non-repeatable levels by time:
     D:1: 882 daAuts
     D:2: 864 daAuts
     D:3: 728 daAuts
     D:4: 682 daAuts
     D:5: 69 daAuts
